 Dungeon Crawl Stone Soup version 0.23.2 (webtiles) character file.

Game seed: 9335401571455215018

283128 teukkam the Warrior (level 19, -17/187 HPs)
             Began as a Minotaur Fighter on Apr 11, 2019.
             Was the Champion of Zin.
             Engulfed by a cloud of thunder (21 damage)
             ... on level 1 of the Depths on Apr 12, 2019.
             The game lasted 03:49:50 (46533 turns).

teukkam the Warrior (Minotaur Fighter)             Turns: 46533, Time: 03:49:52

Health: -17/187    AC: 12    Str: 35 (36) XL:     19   Next: 75%
Magic:  0/21       EV:  7    Int:  3      God:    Zin [******]
Gold:   2377       SH: 19    Dex:  8      Spells: 18/18 levels left

rFire    . . .     SeeInvis .   c - +3 scimitar (flame)
rCold    + + +     Gourm    .   X - +0 large shield
rNeg     + + .     Faith    .   W - +1 ring mail "Gies" {rC+++ rN+ Regen+ MP-9}
rPois    .         Spirit   +   (helmet restricted)
rElec    .         Reflect  .   H - scarf {Spirit}
rCorr    .         Harm     +   E - +2 pair of gloves
MR       ++...                  S - +2 pair of boots
Stlth    ..........             Q - amulet of harm
HPRegen  0.81/turn              J - ring "Innipnua" {rC+ Str+4}
MPRegen  0.17/turn              C - ring "Ziumo" {rN+ MR+ Str+3}

@: no status effects
A: retaliatory headbutt, horns 2, clumsy 1, deformed body, deterioration 2,
dopey 1, screaming 1
}: 2/15 runes: decaying, gossamer
a: Recite, Vitalisation, Imprison, Sanctuary, Donate Gold, Renounce Religion


You were on level 1 of the Depths.
You worshipped Zin.
Zin was exalted by your worship.
You were not hungry.

You visited 8 branches of the dungeon, and saw 33 of its levels.
You visited the Abyss 5 times.
You also visited: Ossuary, Gauntlet and Ice Cave.

You collected 3854 gold pieces.
You spent 1175 gold pieces at shops.
You donated 302 gold pieces to Zin.

Inventory:

Hand Weapons
 a - the +9 broad axe of the Tiger {chop, rElec Stlth+}
   (You acquired it in an ice cave)

   It inflicts extra damage upon your enemies.
   It insulates you from electricity.
   It makes you more stealthy.
 b - a +0 hunting sling of flaming
 c - a +3 scimitar of flaming (weapon)
 q - a +2 war axe of freezing
 s - a +2 dagger of distortion
 t - a +0 hand crossbow of venom
 F - the +5 great sword "Iprua" {flame, Str+4}
   (You found it on level 5 of the Abyss)

   It has been specially enchanted to burn those struck by it, causing extra
   injury to most foes and up to half again as much damage against particularly
   susceptible opponents.
   Big, fiery blades are also staple armaments of hydra-hunters.
   It affects your strength (+4).
Missiles
 y - 84 sling bullets
 R - 99 bolts
Armour
 g - the +4 chain mail of Vexation {-Tele +Fly rPois rF+ Stlth+}
   (You found it on level 2 of the Spider Nest)

   It protects you from fire.
   It protects you from poison.
   It lets you fly.
   It prevents most forms of teleportation.
   It makes you more stealthy.
 E - a +2 pair of gloves (worn)
 H - a scarf of spirit shield (worn)
 S - a +2 pair of boots (worn)
 U - the +1 ring mail of Absence {rC++ MR- Int-5 Dex+4}
   (You bought it in a shop on level 2 of the Orcish Mines)

   It affects your intelligence (-5).
   It affects your dexterity (+4).
   It greatly protects you from cold.
   It affects your resistance to hostile enchantments.
 W - the +1 ring mail "Gies" (worn) {rC+++ rN+ Regen+ MP-9}
   (You bought it in a shop on level 8 of the Dungeon)

   It renders you almost immune to cold.
   It protects you from negative energy.
   It affects your magic capacity (-9).
   It increases your rate of regeneration.
 X - a +0 large shield (worn)
 Z - the +18 shield of the Gong {rElec rN+ MR+ EV-5}
   (You acquired it on level 13 of the Dungeon)

   It affects your evasion (-5).
   It insulates you from electricity.
   It protects you from negative energy.
   It affects your resistance to hostile enchantments.
Jewellery
 d - the ring of Poejuo {rPois Dex+5}
   (You acquired it on level 2 of the Swamp)

   [ring of poison resistance]

   It affects your dexterity (+5).
   It protects you from poison.
 n - the ring "Peluun" {rElec rPois rF+ Dex+3}
   (You found it on level 11 of the Dungeon)

   [ring of dexterity]

   It affects your dexterity (+3).
   It protects you from fire.
   It insulates you from electricity.
   It protects you from poison.
 C - the ring "Ziumo" (right hand) {rN+ MR+ Str+3}
   (You found it on level 11 of the Dungeon)

   [ring of protection from magic]

   It affects your strength (+3).
   It protects you from negative energy.
   It affects your resistance to hostile enchantments.
 I - the ring "Salym" {rPois MR+ MP+9}
   (You found it on level 11 of the Dungeon)

   [ring of magical power]

   It protects you from poison.
   It affects your resistance to hostile enchantments.
   It affects your magic capacity (+9).
 J - the ring "Innipnua" (left hand) {rC+ Str+4}
   (You found it on level 11 of the Dungeon)

   [ring of protection from cold]

   It affects your strength (+4).
   It protects you from cold.
 O - a +5 ring of slaying
 Q - an amulet of harm (around neck)
 T - the ring of Robustness {AC+8}
   (You took it off a tengu warrior on level 13 of the Dungeon)

   [ring of protection]

   It affects your AC (+8).
Wands
 i - a wand of iceblast (11)
 v - a wand of flame (35)
 D - a wand of paralysis (15)
 V - a wand of acid (7)
 Y - a wand of digging (20)
Scrolls
 e - 21 scrolls of identify
 h - a scroll of enchant armour
 j - 3 scrolls of magic mapping
 m - 13 scrolls of remove curse
 r - a scroll of fear
 A - a scroll of brand weapon
 B - 6 scrolls of teleportation
 M - 6 scrolls of enchant weapon
Potions
 o - 3 potions of ambrosia
 p - 5 potions of magic
 x - 3 potions of haste
 z - 2 potions of curing
 G - 4 potions of resistance
 K - 2 potions of invisibility
 P - a potion of might
Miscellaneous
 l - a fan of gales
 w - a lamp of fire (inert)
Comestibles
 f - 20 rations


   Skills:
 + Level 20.4 Fighting
 + Level 20.3 Axes
 - Level 17.7 Slings
 + Level 6.2 Crossbows
 - Level 8.8 Armour
 - Level 8.7 Shields
 + Level 16.5 Invocations


You had 18 spell levels left.
You didn't know any spells.
Your spell library contained the following spells:

 Spells                   Type           Power        Failure   Level  Hunger
 Animate Skeleton         Necr           N/A          100%        1    ##.....
 Confusing Touch          Hex            #.....       100%        1    ##.....
 Pain                     Necr           #...         100%        1    ##.....
 Sandblast                Erth           #.....       100%        1    ##.....
 Summon Small Mammal      Summ           #...         100%        1    ##.....
 Call Imp                 Summ           #.......     100%        2    ###....
 Corpse Rot               Necr           N/A          100%        2    ###....
 Ensorcelled Hibernation  Hex/Ice        #.....       100%        2    ###....
 Passwall                 Tmut/Erth      #.......     100%        2    ###....
 Poisonous Vapours        Pois/Air       #.....       100%        2    ###....
 Call Canine Familiar     Summ           #.......     100%        3    ####...
 Confuse                  Hex            #.......     100%        3    ####...
 Conjure Flame            Conj/Fire      #.......     100%        3    ####...
 Gell's Gravitas          Tloc           #.........   100%        3    ####...
 Mephitic Cloud           Conj/Pois/Air  #.......     100%        3    ####...
 Regeneration             Chrm/Necr      #.........   100%        3    ####...
 Stone Arrow              Conj/Erth      #.....       100%        3    ####...
 Summon Guardian Golem    Hex/Summ       #.......     100%        3    ####...
 Vampiric Draining        Necr           #.........   100%        3    ####...
 Animate Dead             Necr           N/A          100%        4    #####..
 Cause Fear               Hex            #.........   100%        4    #####..
 Ice Form                 Ice/Tmut       #.......     100%        4    #####..
 Leda's Liquefaction      Hex/Erth       #.........   100%        4    #####..
 Petrify                  Tmut/Erth      #.......     100%        4    #####..
 Summon Ice Beast         Ice/Summ       #.......     100%        4    #####..
 Summon Lightning Spire   Summ/Air       #.......     100%        4    #####..
 Bolt of Magma            Conj/Fire/Erth #.........   100%        5    ######.
 Borgnjor's Vile Clutch   Necr/Erth      #.........   100%        5    ######.
 Iskenderun's Battlesphe  Conj/Chrm      #.......     100%        5    ######.
 Lee's Rapid Deconstruct  Erth           #.........   100%        5    ######.
 Metabolic Englaciation   Hex/Ice        #.........   100%        5    ######.
 Silence                  Hex/Air        #.........   100%        5    ######.
 Summon Forest            Summ/Tloc      #.........   100%        5    ######.
 Venom Bolt               Conj/Pois      #.........   100%        5    ######.
 Yara's Violent Unravell  Hex/Tmut       #.........   100%        5    ######.
 Darkness                 Hex            #.........   100%        6    #######
 Deflect Missiles         Chrm/Air       #.........   100%        6    #######
 Freezing Cloud           Conj/Ice/Air   #.........   100%        6    #######
 Hydra Form               Tmut           #.........   100%        6    #######
 Iron Shot                Conj/Erth      #.........   100%        6    #######
 Poison Arrow             Conj/Pois      #.........   100%        6    #######
 Shadow Creatures         Summ           N/A          100%        6    #######
 Statue Form              Tmut/Erth      #........    100%        6    #######
 Dragon Form              Tmut           #.........   100%        7    #######
 Orb of Destruction       Conj           #.........   100%        7    #######
 Ring of Flames           Chrm/Fire      #.........   100%        7    #######
 Spellforged Servitor     Conj/Summ      #.........   100%        7    #######
 Summon Hydra             Summ           #.........   100%        7    #######
 Chain Lightning          Conj/Air       #.........   100%        8    #######
 Discord                  Hex            #.........   100%        8    #######
 Lehudib's Crystal Spear  Conj/Erth      #.........   100%        8    #######
 Fire Storm               Conj/Fire      #.........   100%        9    #######
 Glaciate                 Conj/Ice       #.........   100%        9    #######


Dungeon Overview and Level Annotations

Branches:
Dungeon (15/15)            Temple (1/1) D:4            Lair (5/6) D:9
  Swamp (4/4) Lair:3       Spider (4/4) Lair:3          Orc (2/2) D:11
    Elf (0/3) Orc:2        Vaults (1/5) D:13         Depths (1/5) D:15
  Slime: Lair:5-6

Altars:
Ashenzari
Cheibriados
Dithmenos
Elyvilon
Gozag
Hepliaklqana
Kikubaaqudgha
Nemelex Xobeh
Okawaru
Qazlal
Ru
Sif Muna
Trog
Uskayaw
Vehumet
Wu Jian
Xom
Yredelemnul
Zin
The Shining One
Beogh

Shops:
D:7 !}*   D:8 [   Orc:1 ?   Orc:2 *[[*


Innate Abilities, Weirdness & Mutations

You reflexively headbutt those who attack you in melee.
You have a pair of horns on your head.
You are clumsy. (Dex -2)
Armour fits poorly on your strangely shaped body.
Your body often deteriorates upon taking damage.
You are dopey. (Int -2)
You occasionally shout uncontrollably at your foes.


Message History

Your shield prevents you from hitting Bai Suzhen.
You headbutt Bai Suzhen!
Bai Suzhen is almost dead.
You block Bai Suzhen's attack. Bai Suzhen tramples you.
* * * LOW HITPOINT WARNING * * *
You stumble backwards!
Bai Suzhen bites you! Zin protects you from harm!
You block Bai Suzhen's attack. Bai Suzhen tramples you.
Zin protects you from harm!
You stumble backwards!
Lightning arcs down from a storm cloud!
Okay, then.
Okay, then.
Okay, then.
You slice Bai Suzhen!! You burn Bai Suzhen.
You kill Bai Suzhen!
Zin accepts your kill.
The storm dragon scales {Bai Suzhen} are intact enough to wear.
You feel your strength returning.
You are standing in a thunderstorm.
You are struck by lightning!
You die...

##### ##...# ##....##
#......# #.§@§# #.§§§###
##§§§..#
###C§§...##.......
##..≈≈.##c#........ .
##....cC#.........#####.
#....((..# #.....##.....
#.....<..# #...........≈
##....)..####........≈≈≈


You could see a stone giant, an ettin and 2 yaktaurs.

Vanquished Creatures
  Bai Suzhen (Depths:1)
  Arachne (Spider:3)
  A lich (Abyss:4)
  A tentacled monstrosity (Swamp:4)
  The ghost of Vuykkinei the Brawler, an adept TrBe of Trog (Spider:2)
  Frances (Spider:2)
  8 tentacled starspawn
  3 Executioners
  2 thorn hunters
  Roxanne (Swamp:4)
  A tengu reaver (Abyss:3)
  A fire giant (D:15)
  A frost giant (IceCv)
  A balrug (Lair:3)
  A deep elf sorcerer (Abyss:3)
  Louise (Spider:2)
  5 ghost moths
  An orc warlord (Orc:2)
  A deep elf elementalist (Abyss:3)
  4 emperor scorpions
  2 very ugly things
  A stone giant (Depths:1)
  3 entropy weavers
  Nessos (D:15)
  A lorocyproca (Abyss:3)
  Azrael (D:15)
  A black draconian (Abyss:3)
  A dire elephant (Abyss:3)
  3 spark wasps
  Snorg (Lair:5)
  2 green deaths (Swamp:4)
  A blizzard demon (Abyss:3)
  The ghost of vishdafish the Carver, a journeyman OgBe of Trog (Orc:2)
  4 vault guards (D:13)
  Harold (Lair:2)
  Erolcha (Orc:2)
  4 rakshasas
  20 hydras
  2 ghost crabs
  2 great orbs of eyes (Depths:1)
  2 shambling mangroves
  Fannar (Lair:1)
  A satyr (Abyss:3)
  Erica (D:10)
  2 catoblepae
  12 alligators
  4 tengu warriors
  A centaur warrior (D:14)
  3 ogre magi
  A hell hog (Abyss:3)
  A satyr (shapeshifter) (Abyss:4)
  A death knight (Abyss:3)
  13 two-headed ogres
  6 death yaks
  A spriggan berserker (Swamp:2)
  A soul eater (Abyss:5)
  An orc high priest (Orc:2)
  14 thrashing horrors
  A deep elf knight (Swamp:2)
  4 hell knights (Abyss:4)
  Urug (D:11)
  Nergalle (D:10)
  4 wretched stars
  8 spriggans
  5 unseen horrors
  2 spatial maelstroms
  9 skeletal warriors
  A sixfirhy (Abyss:4)
  2 glowing orange brains
  A death drake (shapeshifter) (D:11)
  An unseen horror (shapeshifter) (D:15)
  A deep elf archer (Orc:2)
  8 swamp dragons
  A spriggan druid (Swamp:2)
  A shadow demon (Abyss:4)
  55 starcursed masses
  16 orb spiders
  An obsidian statue (Orc:2)
  2 orc knights (Orc:2)
  2 necromancers (Abyss:4)
  3 oklob plants (Lair:1)
  2 orc sorcerers (Orc:2)
  17 ugly things
  2 manticores
  14 wolf spiders
  2 mana vipers
  5 deep elf magi
  5 worldbinders
  5 cyclopes
  3 moths of wrath
  3 elephants (Lair:4)
  A frost giant skeleton (Abyss:3)
  An ice statue (IceCv)
  Joseph (D:10)
  5 smoke demons
  A water nymph (Abyss:3)
  Psyche (D:11)
  4 torpor snails
  An eye of devastation (Abyss:3)
  5 orange demons
  11 spiny frogs
  A storm dragon simulacrum (Abyss:5)
  A gargoyle (D:11)
  4 komodo dragons
  4 efreet
  3 rime drakes
  20 demonic crawlers
  8 ancient zymes
  2 hellwings (Abyss:3)
  A queen bee (D:8)
  5 trolls
  41 jumping spiders
  3 meliai (Spider:2)
  A tengu conjurer (D:15)
  7 tyrant leeches
  Grinder (D:3)
  33 slime creatures
  17 polar bears
  10 raiju
  18 hornets
  12 bog bodies
  13 blink frogs
  59 redbacks
  5 flying skulls (Abyss:5)
  7 shadows
  3 hippogriffs
  5 wraiths
  4 ynoxinuls
  40 yaks
  33 tarantellas
  A centaur simulacrum (D:14)
  Grum (D:8)
  6 golden eyes (Abyss:3)
  7 neqoxecs
  A water elemental (Abyss:3)
  A wyvern (Lair:3)
  4 fire elementals
  A hungry ghost (D:8)
  21 vampire mosquitoes
  6 chaos spawn
  A redback simulacrum (D:15)
  A spatial vortex (Abyss:4)
  6 insubstantial wisps
  17 swamp worms
  2 acid dragons
  2 soldier ants
  6 wargs
  7 water moccasins
  7 porcupines
  4 hell hounds (D:15)
  9 ice beasts
  31 large abominations
  A floating eye (Abyss:4)
  A porcupine (shapeshifter) (D:15)
  40 orc warriors
  A phantom (D:10)
  A sky beast (Abyss:1)
  7 swamp drakes
  2 eyes of draining
  15 ogres
  36 wolves
  2 black bears
  4 boggarts (D:15)
  16 centaurs
  9 crocodiles
  5 big kobolds
  A wyvern zombie (D:13)
  18 small abominations
  13 bullfrogs
  2 wyvern skeletons
  5 water moccasin zombies (Ossuary)
  2 scorpions
  21 killer bees
  A troll skeleton (D:9)
  12 wights
  3 howler monkeys
  7 crimson imps
  3 bullfrog zombies
  5 centaur zombies
  A quasit (D:13)
  6 centaur skeletons
  5 jellies
  2 gnoll shamans
  3 human zombies (D:9)
  13 orc priests
  Crazy Yiuf (D:3)
  A bullfrog skeleton (D:7)
  4 hounds
  3 iron imps (Abyss:1)
  23 orc wizards
  3 worker ants
  A human skeleton (D:9)
  5 iguanas
  A big kobold zombie (Ossuary)
  2 hound zombies
  6 mummies
  A howler monkey zombie (D:9)
  Robin (D:4)
  13 gnolls
  A howler monkey skeleton (D:4)
  11 adders
  3 shadow imps
  15 white imps
  4 ufetubi
  2 oozes
  3 adder zombies (Ossuary)
  6 worms
  A dart slug (D:4)
  2 leopard geckos
  69 orcs
  A giant cockroach (D:3)
  2 gnoll zombies (Ossuary)
  8 hobgoblins
  3 jackals (D:6)
  A quokka (D:6)
  2 ball pythons
  6 bats
  2 frilled lizards (D:3)
  8 goblins
  4 hobgoblin zombies (Ossuary)
  A jackal zombie (D:6)
  18 kobolds
  3 kobold zombies (Ossuary)
  A leopard gecko skeleton (D:9)
  3 orc zombies
  A quokka zombie (D:9)
  3 rats
  5 briar patches (Swamp:4)
  5 fungi
  2 lurking horrors
  2 plants
  7 starspawn tentacles
1411 creatures vanquished.

Vanquished Creatures (collateral kills)
  An orc knight (Orc:2)
1 creature vanquished.

Vanquished Creatures (others)
  A deep troll earth mage (Depths:1)
  An orc knight (Orc:2)
  A centaur (Orc:2)
  A small abomination (Abyss:5)
  4 fungi
  2 lurking horrors
  2 pillars of salt
  4 plants
  20 starspawn tentacles
36 creatures vanquished.

Grand Total: 1448 creatures vanquished

Notes
Turn   | Place    | Note
-------+----------+-------------------------------------------
     0 | D:1      | teukkam the Minotaur Fighter began the quest for the Orb.
     0 | D:1      | Reached XP level 1. HP: 19/19 MP: 0/0
   203 | D:1      | Reached XP level 2. HP: 27/27 MP: 1/1
   310 | D:3      | Noticed Grinder
   312 | D:3      | Paralysed by Grinder for 4 turns
   442 | D:3      | Reached XP level 3. HP: 28/33 MP: 2/2
   725 | D:4      | Reached XP level 4. HP: 26/41 MP: 3/3
   745 | D:4      | Reached XP level 5. HP: 12/47 MP: 4/4
  1032 | D:4      | Found a staircase to the Ecumenical Temple.
  1044 | Temple   | Entered the Ecumenical Temple
  1075 | Temple   | Became a worshipper of Zin the Law-Giver
  1075 | Temple   | Reached * piety under Zin
  1291 | D:5      | Entered Level 5 of the Dungeon
  1341 | D:5      | Noticed an ogre
  1365 | D:5      | Killed an ogre
  1365 | D:5      | Reached skill level 5 in Fighting
  1365 | D:5      | Reached skill level 5 in Armour
  1365 | D:5      | Reached skill level 5 in Shields
  1417 | D:5      | Donated 55 gold pieces to Zin
  1430 | D:5      | Found a sand-covered staircase.
  1433 | D:5      | Reached XP level 6. HP: 41/56 MP: 5/5
  1491 | Ossuary  | Entered an ossuary
  1620 | Ossuary  | Reached skill level 5 in Axes
  1620 | Ossuary  | Reached XP level 7. HP: 57/62 MP: 6/6
  1916 | D:4      | Found a shattered altar of Ashenzari.
  2042 | D:4      | Noticed Robin
  2051 | D:4      | Killed Robin
  2365 | D:5      | Reached skill level 1 in Slings
  2438 | D:5      | Found a white marble altar of Elyvilon.
  2451 | D:5      | Reached XP level 8. HP: 71/71 MP: 7/7
  2461 | D:5      | Reached ** piety under Zin
  2842 | D:3      | Killed Grinder
  3207 | D:3      | Paralysed by a hobgoblin for 4 turns
  3511 | D:3      | Reached *** piety under Zin
  3663 | D:3      | Found a runed translucent door.
  3664 | D:3      | Noticed Crazy Yiuf
  3672 | D:3      | Killed Crazy Yiuf
  4219 | D:6      | Reached XP level 9. HP: 80/80 MP: 8/8
  4441 | D:7      | Reached **** piety under Zin
  4606 | D:7      | Found Fovadwoe's Distillery.
  4614 | D:7      | Bought a potion of heal wounds for 55 gold pieces
  4614 | D:7      | Bought a potion of heal wounds for 55 gold pieces
  4627 | D:7      | Found Raotsin's Gadget Shoppe.
  4663 | D:7      | Found Vetsuh's Assorted Antiques.
  4687 | D:7      | Reached skill level 5 in Slings
  4734 | D:7      | Found a sacrificial altar of Ru.
  4836 | D:7      | Found a hazy altar of Hepliaklqana.
  4994 | D:8      | Found an ornate altar of the Wu Jian Council.
  5322 | D:8      | Reached XP level 10. HP: 83/90 MP: 9/9
  5347 | D:8      | Reached skill level 1 in Invocations
  5394 | D:8      | Found Genar's Antique Armour Boutique.
  5639 | D:8      | Noticed Grum
  5738 | D:9      | Noticed a death yak
  5738 | D:9      | Noticed a death yak
  5740 | D:9      | Noticed a death yak
  5753 | D:9      | Noticed a death yak
  5763 | D:9      | Noticed a death yak
  6240 | D:10     | Entered Level 10 of the Dungeon
  6266 | D:10     | Noticed Erica
  6281 | D:10     | Killed Erica
  6451 | D:10     | Noticed Nergalle
  6490 | D:10     | Killed Nergalle
  6786 | D:10     | Reached skill level 10 in Fighting
  6941 | D:10     | Noticed Joseph
  6965 | D:10     | Killed Joseph
  7444 | D:9      | Noticed a +0 hand axe
  7445 | D:9      | Found a hide-covered altar of Uskayaw.
  7445 | D:9      | Noticed a +0 hand axe
  7480 | D:9      | Reached ***** piety under Zin
  7539 | D:9      | Found an ancient bone altar of Kikubaaqudgha.
  7584 | D:9      | Reached skill level 10 in Axes
  7615 | D:9      | Reached XP level 11. HP: 83/101 MP: 13/13
  7752 | D:9      | Killed a death yak
  7860 | D:9      | Found a staircase to the Lair.
  7914 | D:9      | Found a stormy altar of Qazlal.
  7916 | D:9      | Found an opulent altar of Gozag.
  7918 | D:9      | Found a shadowy altar of Dithmenos.
  7966 | D:9      | Killed a death yak
  7966 | D:9      | Reached skill level 5 in Invocations
  7972 | D:9      | Killed a death yak
  8272 | Lair:1   | Entered Level 1 of the Lair of Beasts
  8438 | D:8      | Killed a death yak
  8443 | D:8      | Killed a death yak
  8542 | D:8      | Bought a translucent ring mail for 297 gold pieces
  8553 | D:8      | Identified the +1 ring mail "Gies" {rC+++ rN+ Regen+ MP-9}
                  | (You bought it in a shop on level 8 of the Dungeon)
  8595 | D:8      | Killed Grum
  8714 | D:8      | Found a shimmering altar of Xom.
  8715 | D:8      | Found a shimmering altar of Xom.
  8731 | D:8      | Found a shimmering altar of Xom.
  8732 | D:8      | Found a shimmering altar of Xom.
  8734 | D:8      | Found a shimmering altar of Xom.
  9154 | Lair:1   | Found a radiant altar of Vehumet.
  9156 | Lair:1   | Noticed Fannar
  9172 | Lair:1   | Killed Fannar
  9752 | Lair:4   | Reached XP level 12. HP: 102/112 MP: 7/16
  9908 | Lair:4   | Noticed a six-headed hydra
  9916 | Lair:4   | Killed a five-headed hydra
  9998 | Lair:4   | Found a frozen archway.
 10017 | IceCv    | Entered an ice cave
 10109 | IceCv    | Reached skill level 10 in Slings
 10544 | IceCv    | Noticed a death yak
 10556 | IceCv    | Killed a death yak
 10598 | IceCv    | Noticed a frost giant
 10604 | IceCv    | Reached XP level 13. HP: 122/122 MP: 9/18
 10606 | IceCv    | Killed a frost giant
 10651 | IceCv    | Identified a scroll of acquirement
 10652 | IceCv    | Got a brightly glowing broad axe
 10653 | IceCv    | Identified the +9 broad axe of the Tiger {chop, rElec
                  | Stlth+} (You acquired it in an ice cave)
 11060 | Lair:4   | Reached ****** piety under Zin
 11598 | Lair:2   | Noticed Harold
 11611 | Lair:2   | Killed Harold
 11931 | Lair:2   | You fall through a shaft for 2 floors!
 12191 | Lair:5   | Found a gate leading to a gauntlet.
 12211 | Lair:5   | Found a shadowy altar of Dithmenos.
 12220 | Lair:5   | Noticed Snorg
 12229 | Lair:5   | Killed Snorg
 12249 | Gauntlet | Entered a Gauntlet
 12249 | Gauntlet | Found a transporter.
 12249 | Gauntlet | Found a transporter.
 12253 | Gauntlet | Found a transporter.
 12253 | Gauntlet | Noticed a death ooze
 12257 | Gauntlet | Found a transporter.
 12257 | Gauntlet | Found a transporter.
 12258 | Gauntlet | Found a transporter.
 12293 | Gauntlet | Found a transporter.
 12294 | Gauntlet | Found a transporter.
 12303 | Gauntlet | Found a transporter.
 12318 | Gauntlet | Found a transporter.
 12333 | Gauntlet | Found a transporter.
 12336 | Gauntlet | Found a transporter.
 12951 | Lair:3   | Found a hole to the Spider Nest.
 13311 | D:11     | Noticed Urug
 13324 | D:11     | Killed Urug
 13325 | D:11     | Noticed Psyche
 13335 | D:11     | Killed Psyche
 13339 | D:11     | Found a staircase to the Orcish Mines.
 13348 | Orc:1    | Entered Level 1 of the Orcish Mines
 13742 | Orc:2    | Entered Level 2 of the Orcish Mines
 13742 | Orc:2    | Found a staircase to the Elven Halls.
 13878 | Orc:2    | Noticed an orc warlord
 13878 | Orc:2    | Noticed Erolcha
 13885 | Orc:2    | Killed an orc warlord
 13914 | Orc:2    | Reached skill level 10 in Invocations
 14235 | Orc:1    | Found Poyfow's Magic Scroll Shop.
 14471 | Orc:2    | Reached XP level 14. HP: 73/133 MP: 11/20
 14522 | Orc:2    | Cast into level 1 of the Abyss (Erolcha)
 14653 | Abyss:1  | Noticed a starcursed mass
 14728 | Abyss:1  | Noticed a starcursed mass
 15038 | Abyss:1  | Noticed an ironheart preserver
 15042 | Abyss:1  | Noticed an ironheart preserver
 15047 | Abyss:1  | Noticed an ironheart preserver
 15168 | Abyss:1  | Noticed a tentacled starspawn
 15182 | Abyss:1  | Noticed a tentacled starspawn
 15185 | Abyss:1  | Killed a tentacled starspawn
 15193 | Abyss:1  | Killed a tentacled starspawn
 15195 | Orc:2    | Escaped the Abyss
 15199 | Orc:2    | Killed Erolcha
 15388 | Orc:2    | Found a roughly hewn altar of Beogh.
 15626 | Orc:2    | Found a runed translucent gate.
 15627 | Orc:2    | Found a runed translucent gate.
 15628 | Orc:2    | Found a runed translucent gate.
 15629 | Orc:2    | Found an opulent altar of Gozag.
 15630 | Orc:2    | Found Yhaim's Assorted Antiques.
 15630 | Orc:2    | Noticed vishdafish's ghost (journeyman OgBe)
 15649 | Orc:2    | Found Adiduv's General Store.
 15649 | Orc:2    | Found Qeredghor's Armour Shoppe.
 15651 | Orc:2    | Found Kiphil's Armour Emporium.
 15653 | Orc:2    | Found Imuonut's Distillery.
 15770 | Orc:2    | Killed vishdafish's ghost
 15863 | Orc:2    | Bought a bloodstained ring mail for 306 gold pieces
 15873 | Orc:2    | Identified the +1 ring mail of Absence {rC++ MR- Int-5
                  | Dex+4} (You bought it in a shop on level 2 of the Orcish
                  | Mines)
 15873 | Orc:2    | Lost intelligence.
 15996 | Orc:1    | Reached skill level 15 in Fighting
 17190 | Lair:3   | Reached skill level 15 in Axes
 17733 | Lair:3   | Found a staircase to the Swamp.
 17758 | Swamp:1  | Entered Level 1 of the Swamp
 18880 | Swamp:1  | Reached XP level 15. HP: 117/141 MP: 22/22
 19366 | Swamp:4  | Entered Level 4 of the Swamp
 19366 | Swamp:4  | Identified Roxanne's Almanac of Transformation
 19366 | Swamp:4  | Noticed Roxanne
 20295 | Swamp:4  | Noticed a tentacled monstrosity
 20312 | Swamp:4  | Killed a tentacled monstrosity
 20995 | Swamp:4  | Got a decaying rune of Zot
 21049 | Swamp:3  | HP: 4/144 [eight-headed hydra (13)]
 22578 | Orc:1    | Bought a scroll of brand weapon for 240 gold pieces
 22578 | Orc:1    | Bought a scroll of magic mapping for 42 gold pieces
 22578 | Orc:1    | Bought a scroll of enchant armour for 90 gold pieces
 22578 | Orc:1    | Bought a scroll of enchant weapon for 90 gold pieces
 22782 | Spider:1 | Entered Level 1 of the Spider Nest
 23773 | Spider:2 | Reached XP level 16. HP: 145/152 MP: 24/24
 24215 | Spider:4 | Entered Level 4 of the Spider Nest
 24470 | Spider:4 | Noticed Arachne
 24871 | Spider:3 | Killed Arachne
 24871 | Spider:3 | Reached skill level 15 in Slings
 27546 | Spider:4 | Got a gossamer rune of Zot
 27752 | Lair:3   | Cast into level 3 of the Abyss (a distortion unwield)
 27859 | Abyss:3  | Noticed a lich
 27926 | Abyss:3  | Noticed a tentacled starspawn
 27933 | Abyss:3  | Killed a tentacled starspawn
 28011 | Abyss:3  | Noticed an Executioner
 28018 | Abyss:3  | Killed an Executioner
 28234 | Abyss:3  | Reached XP level 17. HP: 69/163 MP: 9/26
 28501 | Abyss:4  | Paralysed by a floating eye for 2 turns
 28528 | Abyss:5  | Entered Level 5 of the Abyss
 28528 | Abyss:5  | Entered Level 5 of the Abyss
 28814 | Abyss:5  | Got a dazzling great sword
 28820 | Abyss:5  | Identified the +5 great sword "Iprua" {flame, Str+4} (You
                  | found it on level 5 of the Abyss)
 28863 | Lair:3   | Escaped the Abyss
 29388 | D:11     | Got a slimy iron ring
 29390 | D:11     | Identified the ring "Ziumo" {rN+ MR+ Str+3} (You found it
                  | on level 11 of the Dungeon)
 29415 | D:11     | Got a faintly glowing turquoise ring
 29417 | D:11     | Identified the ring "Salym" {rPois MR+ MP+9} (You found it
                  | on level 11 of the Dungeon)
 29427 | D:11     | Got a slimy lapis lazuli ring
 29430 | D:11     | Identified the ring "Peluun" {rElec rPois rF+ Dex+3} (You
                  | found it on level 11 of the Dungeon)
 29433 | D:11     | Got a warped lead ring
 29435 | D:11     | Identified the ring "Innipnua" {rC+ Str+4} (You found it on
                  | level 11 of the Dungeon)
 29647 | D:11     | Cast into level 3 of the Abyss (a distortion unwield)
 29785 | Abyss:3  | Found a corrupted altar of Lugonu.
 29886 | D:11     | Escaped the Abyss
 30512 | D:12     | You fall through a shaft for 3 floors!
 30512 | D:15     | Entered Level 15 of the Dungeon
 31598 | D:13     | Gained mutation: You do not regenerate when monsters are
                  | visible. [mutagenic glow]
 31617 | D:13     | Reached XP level 18. HP: 173/173 MP: 19/28
 32688 | Swamp:2  | Reached skill level 15 in Invocations
 32867 | Swamp:2  | Got a slimy tin ring
 32869 | Swamp:2  | Identified the ring of Poejuo {rPois Dex+5} (You acquired
                  | it on level 2 of the Swamp)
 35133 | Swamp:4  | Killed Roxanne
 35894 | Spider:2 | Noticed Louise
 35901 | Spider:2 | Killed Louise
 36100 | Spider:2 | Noticed Frances
 36114 | Spider:2 | Killed Frances
 36176 | Spider:2 | Got an ichor-stained chain mail
 36235 | Spider:2 | Identified the +4 chain mail of Vexation {-Tele +Fly rPois
                  | rF+ Stlth+} (You found it on level 2 of the Spider Nest)
 36885 | Spider:2 | Got a scorched quarterstaff
 36894 | Spider:2 | Identified the cursed +2 quarterstaff "Fothryf" {speed,
                  | -Tele rElec Int+7} (You found it on level 2 of the Spider
                  | Nest)
 36962 | Spider:2 | Lost mutation: You do not regenerate when monsters are
                  | visible. [potion of mutation]
 37083 | Spider:2 | Found a large runed translucent door.
 37083 | Spider:2 | Found a large runed translucent door.
 37096 | Spider:2 | Noticed Vuykkinei's ghost (adept TrBe)
 37116 | Spider:2 | Killed Vuykkinei's ghost
 37625 | D:9      | Cast into level 4 of the Abyss (a distortion unwield)
 37685 | Abyss:4  | Noticed a lich
 37695 | Abyss:4  | Killed a lich
 37775 | Abyss:4  | Paralysed by accursed screaming for 2 turns
 37785 | D:9      | Escaped the Abyss
 38203 | D:9      | Gained mutation: Your body sometimes deteriorates upon
                  | taking damage. [mutagenic glow]
 40809 | D:13     | Reached skill level 1 in Crossbows
 40981 | D:13     | Reached XP level 19. HP: 184/184 MP: 29/29
 41132 | D:13     | Found the +18 shield of the Gong {rElec rN+ MR+ EV-5}
 41279 | D:13     | Found a gate to the Vaults.
 41597 | D:13     | Gained mutation: Your body often deteriorates upon taking
                  | damage. [mutagenic glow]
 41639 | D:13     | Gained mutation: Armour fits poorly on your strangely
                  | shaped body. [mutagenic glow]
 41837 | Vaults:1 | Entered Level 1 of the Vaults
 42518 | D:15     | Found a staircase to the Depths.
 42766 | D:15     | Noticed Azrael
 42782 | D:15     | Killed Azrael
 43024 | D:15     | Noticed Nessos
 43030 | D:15     | Killed Nessos
 43565 | Depths:1 | Entered Level 1 of the Depths
 43839 | Depths:1 | Noticed Bai Suzhen
 45056 | D:14     | Gained mutation: You are clumsy. (Dex -2) [mutagenic glow]
 45228 | D:14     | Gained mutation: You are dopey. (Int -2) [mutagenic glow]
 45279 | D:14     | Gained mutation: You occasionally shout uncontrollably at
                  | your foes. [mutagenic glow]
 45401 | D:14     | Cast into level 3 of the Abyss (a distortion unwield)
 45710 | Abyss:3  | Reached skill level 5 in Crossbows
 46289 | D:14     | Escaped the Abyss
 46531 | Depths:1 | HP: 6/187 [stone giant/large rock (42)]
 46532 | Depths:1 | Zin protects you from harm!
 46532 | Depths:1 | Zin protects you from harm!
 46533 | Depths:1 | Killed Bai Suzhen
 46533 | Depths:1 | Engulfed by a cloud of thunder

Skill      XL: |  1  2  3  4  5  6  7  8  9 10 11 12 13 14 15 16 17 18 19 |
---------------+----------------------------------------------------------+-----
Fighting       | 4 5 6 7 8 10 11 13 14 15 16 17 18 19 20 | 20.4
Armour         | 4 5 6 7 8 |  8.8
Shields        | 4 5 6 7 8 |  8.7
Axes           | 3 4 5 7 8 10 11 12 14 15 16 17 18 19 20 | 20.3
Slings         | 1 3 5 7 9 10 12 13 14 15 16 17 | 17.7
Invocations    | 4 6 8 10 11 12 13 14 15 16 | 16.5
Crossbows      | 1 6 |  6.2

Action                   |  1- 3 |  4- 6 |  7- 9 | 10-12 | 13-15 | 16-18 | 19-21 || total
-------------------------+-------+-------+-------+-------+-------+-------+-------++-------
Melee: War axe           |    56 |    74 |   316 |   486 |     5 |       |    67 ||  1004
       Headbutt          |     6 |    13 |    58 |   107 |   170 |   279 |    78 ||   711
       Whip              |       |       |       |     2 |       |       |       ||     2
       Scimitar          |       |       |       |    21 |    22 |    48 |    20 ||   111
       Broad axe         |       |       |       |       |   690 |  1068 |   266 ||  2024
 Fire: Hunting sling     |       |       |    26 |    57 |    43 |     6 |     3 ||   135
       Hand crossbow     |       |       |       |       |       |     2 |     2 ||     4
Throw: Stone             |       |       |       |     2 |       |       |       ||     2
       Javelin           |       |       |       |     2 |    61 |    60 |       ||   123
       Throwing net      |       |       |       |       |       |     6 |     1 ||     7
       Tomahawk          |       |       |       |       |       |   144 |    55 ||   199
Invok: Donate Gold       |       |     1 |       |       |       |       |       ||     1
       Recite            |       |     1 |    12 |     9 |    17 |     9 |     2 ||    50
       Vitalisation      |       |       |     1 |       |     1 |       |       ||     2
       Sanctuary         |       |       |       |       |     1 |     2 |       ||     3
Evoke: Wand              |       |       |     3 |    25 |    47 |    22 |     8 ||   105
       Lamp of fire      |       |       |       |       |     1 |       |     1 ||     2
  Use: Potion            |     1 |     1 |       |     5 |    16 |    15 |     1 ||    39
       Scroll            |       |     7 |     1 |     7 |    15 |    18 |     3 ||    51
 Stab: Confused          |       |       |     5 |     4 |    11 |     1 |       ||    21
       Paralysed         |       |       |       |     3 |     5 |     5 |     2 ||    15
       Invisible         |       |       |       |       |     2 |     2 |       ||     4
       Distracted        |       |       |       |       |     1 |       |       ||     1
       Sleeping          |       |       |       |       |       |     3 |       ||     3
       Held in net/web   |       |       |       |       |       |     1 |       ||     1
       Petrifying        |       |       |       |       |       |     1 |       ||     1
  Eat: Ration            |       |     1 |     2 |     4 |    11 |    15 |     5 ||    38
       Chunk             |       |       |     5 |     5 |     5 |     4 |       ||    19
Armor: Scale mail        |    36 |    41 |   177 |   103 |       |       |       ||   357
       Ring mail         |       |       |       |   107 |   158 |   211 |    35 ||   511
       Swamp dragon scal |       |       |       |       |   224 |   305 |       ||   529
       Chain mail        |       |       |       |       |       |   117 |    66 ||   183
Dodge: Dodged            |    14 |    16 |   104 |   171 |   315 |   610 |    77 ||  1307
Block: Shield            |    32 |    47 |   203 |    73 |       |     5 |    58 ||   418
       Buckler           |       |       |       |   133 |   245 |   304 |       ||   682
       Large shield      |       |       |       |       |       |    72 |   165 ||   237
       Rpst.: Scimitar   |       |       |       |     4 |     3 |     4 |     1 ||    12
